 Dungeon Crawl Stone Soup version 0.31-a0-667-g39726597b9 (webtiles) character file.

Game seed: 4408837602954199675

1738 ceneti the Trooper (level 8, -2/72 (73) HPs)
             Began as a Minotaur Fighter on Sept 3, 2023.
             Was a Follower of Okawaru.
             Slain by a wight
             ... wielding a +0 great sword
              (9 damage)
             ... on level 5 of the Dungeon.
             The game lasted 00:06:30 (4390 turns).

ceneti the Trooper (Minotaur Fighter)               Turns: 4390, Time: 00:06:31

HP:   -2/72 (73)    AC: 10    Str: 23    XL:     8   Next: 77%
MP:   7/7           EV: 11    Int:  5    God:    Okawaru [*.....]
Gold: 224           SH:  5    Dex: 10    Spells: 7/7 levels left

rFire   . . .        a - +0 war axe
rCold   . . .        c - +0 buckler
rNeg    . . .        b - +0 scale mail
rPois   .            f - +1 hat
rElec   .            (no cloak)
rCorr   .            (no gloves)
SInv    .            g - +0 pair of boots
Will    .....        (no amulet) Stlth
                     (no ring)
HPRegen 0.32/turn    (no ring)
MPRegen 0.10/turn

%: no passive effects
@: lethally poisoned (-2 -> -4), lightly drained
A: horns 2, retaliatory headbutt
a: Renounce Religion, Heroism


You were on level 5 of the Dungeon.
You worshipped Okawaru.
Okawaru was aware of your devotion.
You visited 1 branch of the dungeon, and saw 6 of its levels.

You collected 224 gold pieces.

Inventory:

Hand Weapons
 a - a +0 war axe (weapon)
Missiles
 n - a throwing net
Armour
 b - a +0 scale mail (worn)
 c - a +0 buckler (worn)
 f - a +1 hat (worn)
 g - a +0 pair of boots (worn)
Wands
 j - a wand of flame (14)
 k - a wand of iceblast (5)
Scrolls
 m - a scroll of fear
 o - 2 scrolls of teleportation
 r - 3 scrolls of fog
 s - a scroll of immolation
Potions
 d - 2 potions of might
 e - 2 potions of cancellation
 i - a potion of ambrosia
 l - a potion of enlightenment
 p - a potion of degeneration {unknown}
 q - a potion of haste


   Skills:
 + Level 7.0 Fighting
 + Level 6.4 Axes
 + Level 7.0 Armour
 + Level 5.3 Dodging
 + Level 7.0 Shields


You had 7 spell levels left.
You didn't know any spells.
Your spell library was empty.

Dungeon Overview and Level Annotations

Branches:
Dungeon (6/15)
 Temple: D:4-7

Altars:
Ashenzari
Elyvilon
Okawaru
Yredelemnul

Shops:
D:3 (

Annotations:
D:5 3 runed translucent doors, Beaer's ghost, amateur DsFi; Descartes's ghost, novice FoFi; GordonOverkill's ghost, weakling VSDe; dittoslash's ghost, novice MeCA


Innate Abilities, Weirdness & Mutations

You have a pair of horns on your head.
You reflexively headbutt those who attack you in melee.


Message History

Unknown command.
You barely miss the wight. You hit the orc. You hit something.
You feel sick. The wight barely misses you.
The orc hits you with a +0 hand axe. Something hits you but does no damage.
You are more poisoned.
You block the wight's attack.
You are too injured to fight recklessly!
Unknown command.
You are too injured to fight recklessly!
Unknown command.
You feel very sick. You block the orc's attack.
The wight attacks as it pursues you! The wight misses you.
Unknown command.
Unknown command.
Unknown command.
Unknown command.
Unknown command.
Unknown command.
You feel sick.
There is a stone staircase leading up here.
Unknown command.
Unknown command.
You feel sick. The orc barely misses you.
The wight hits you with a +0 great sword!
* * * LOW HITPOINT WARNING * * *
You climb upwards.
Level annotation: 3 runed translucent doors, Beaer's ghost, amateur DsFi; Descartes's ghost, novice FoFi; GordonOverkill's ghost, weakling VSDe; dittoslash's ghost, novice MeCA Reactivating autopickup.
You feel sick.
There is a stone staircase leading down here.
Unknown command.
You barely miss the orc.
The orc is heavily wounded.
You barely miss the wight.
You feel sick. The orc closely misses you. You furiously retaliate!
You headbutt the orc!
You kill the orc!
Okawaru accepts your kill.
The wight hits you with a +0 great sword!
You die...

### #....### ##.# #.#... # ##.##
#......# #..## #.#... ## ##...#
###.....# #...# #.#...
8####..#(###.......###...###.####
..#....#.............#.....#.....
..#....#....................##..#
.⌠#......................#..#...#
..##........................#....
.!#........#...)@.....#....>..###
8##.......##.##z......)..##...###
##........#...##.##..#.#........#
#..#...........<.#...###........#
..##...#............####........#
..###..#....#.#.....##........###
..####.....)#.#..#...##...##.....
...#.............#..###..<.......
#.....##....##.................##


You could see a wight.

Vanquished Creatures
  Pikel (D:5)
  Grinder (D:5)
  Sigmund (D:3)
  Eustachio (D:5)
  A black bear (D:5)
  Pargi (D:2)
  2 lemures (D:5)
  A phantom (D:5)
  A scorpion (D:5)
  2 howler monkeys (D:4)
  2 hounds
  2 orc priests (D:6)
  A jelly (D:4)
  A sleepcap (D:4)
  Ijyb (D:2)
  2 iguanas (D:5)
  An orc wizard (D:3)
  4 gnolls (D:4)
  4 adders
  2 worms
  4 dart slugs
  8 orcs
  2 ball pythons
  4 endoplasms
  3 giant cockroaches
  5 hobgoblins
  7 jackals
  2 quokkas
  A bat (D:2)
  3 frilled lizards
  4 goblins
  11 kobolds
  5 rats
91 creatures vanquished.

Notes
Turn   | Place    | Note
-------+----------+-------------------------------------------
     0 | D:1      | ceneti the Minotaur Fighter began the quest for the Orb.
     0 | D:1      | Reached XP level 1. HP: 19/19 MP: 0/0
   245 | D:1      | Reached XP level 2. HP: 27/27 MP: 1/1
   704 | D:2      | Reached skill level 1 in Dodging
   704 | D:2      | Reached XP level 3. HP: 33/33 MP: 2/2
  1546 | D:3      | Noticed Ijyb
  1546 | D:3      | Noticed Sigmund
  1549 | D:3      | Noticed Pargi
  1559 | D:2      | Killed Ijyb
  1560 | D:2      | Reached XP level 4. HP: 24/40 MP: 3/3
  1639 | D:2      | Killed Pargi
  1640 | D:2      | Reached XP level 5. HP: 5/47 MP: 4/4
  1849 | D:3      | Killed Sigmund
  1850 | D:3      | Reached skill level 5 in Fighting
  1850 | D:3      | Reached skill level 5 in Armour
  1850 | D:3      | Reached skill level 5 in Shields
  1850 | D:3      | Reached XP level 6. HP: 24/56 MP: 5/5
  2011 | D:3      | Found Ramack's Weapon Boutique.
  2444 | D:4      | Found a basalt altar of Yredelemnul.
  2511 | D:4      | Found a white marble altar of Elyvilon.
  2614 | D:4      | Reached XP level 7. HP: 46/61 MP: 6/6
  2730 | D:4      | Found an iron altar of Okawaru.
  2741 | D:4      | Became a worshipper of Warmaster Okawaru
  3352 | D:5      | Entered Level 5 of the Dungeon
  3408 | D:5      | Reached skill level 5 in Axes
  3625 | D:5      | Noticed Grinder
  3626 | D:5      | Noticed Pikel
  3640 | D:5      | Killed Pikel
  3641 | D:5      | Reached XP level 8. HP: 44/71 MP: 7/7
  3650 | D:5      | Paralysed by Grinder for 3 turns
  3653 | D:5      | Killed Grinder
  3653 | D:5      | Reached * piety under Okawaru
  3815 | D:5      | Found a broken altar of Ashenzari.
  3967 | D:5      | Noticed Eustachio
  3983 | D:5      | Killed Eustachio
  3984 | D:5      | Reached skill level 5 in Dodging
  4098 | D:5      | Found a runed translucent gate.
  4100 | D:5      | Found a runed translucent gate.
  4101 | D:5      | Found a runed translucent gate.
  4102 | D:5      | Noticed Descartes's ghost (novice FoFi)
  4102 | D:5      | Noticed GordonOverkill's ghost (weakling VSDe)
  4102 | D:5      | Noticed Beaer's ghost (amateur DsFi)
  4102 | D:5      | Noticed dittoslash's ghost (novice MeCA)
  4390 | D:5      | Slain by a wight

Illustrated notes

Levels and vault maps discovered:
D:1:      minmay_arrival_five_plusses, layout_loops_ring
D:2:      layout_loops_corners
D:3:      layout_rooms, serial_shops, shop, uniq_ijyb, uniq_sigmund, uniq_pargi
D:4:      layout_basic, mainiacjoe_overflow_catwalk, kennysheep_ying_yang
D:5:      layout_cave_pools, evilmike_ruin_ashenzari, gammafunk_ghost_cemetery,
          uniq_grinder, uniq_eustachio, uniq_pikel
D:6:      layout_basic, minmay_temple_entry_statues_pillars

Skill      XL: |  1  2  3  4  5  6  7  8 |
---------------+-------------------------+-----
Fighting       | 4 5 6 7 |  7.0
Armour         | 4 5 6 7 |  7.0
Dodging        | 1 2 3 4 5 |  5.3
Shields        | 4 5 6 7 |  7.0
Axes           | 3 4 5 6 |  6.4

Action                     |  1- 3 |  4- 6 |  7- 9 || total
---------------------------+-------+-------+-------++-------
  Melee: War axe           |    65 |    74 |    94 ||   233
         Headbutt          |    12 |    10 |    17 ||    39
  Evoke: Wand              |       |       |     3 ||     3
    Use: Scroll            |     4 |     5 |     3 ||    12
         Potion            |       |     4 |     4 ||     8
 Armour: Scale mail        |    48 |    92 |   129 ||   269
  Dodge: Dodged            |    36 |    62 |    77 ||   175
  Block: Buckler           |    13 |    16 |    34 ||    63

Table legend: (Time is in decaauts)
 A = Elapsed time spent in this place.
 B = Non-inter-level travel time spent in this place.
 C = Inter-level travel time spent in this place.
 D = Time resting spent in this place.
 E = Time spent auto-exploring this place.
 F = Levels seen in this place.
 G = Mean time per level.
                   A        B        C        D        E       F      G
               +--------+--------+--------+--------+--------+-----+--------+
         Total |   4455 |   4295 |    160 |    211 |   3417 |   6 |  742.5 |
       Dungeon |   4455 |   4295 |    160 |    211 |   3417 |   6 |  742.5 |
               +--------+--------+--------+--------+--------+-----+--------+

Top non-repeatable levels by time:
     D:4: 1128 daAuts
     D:2: 1114 daAuts
     D:5: 1041 daAuts
     D:1: 703 daAuts
     D:3: 446 daAuts
     D:6: 20 daAuts
